 Dungeon Crawl Stone Soup version 0.31-a0-1002-g8e65716e6e (webtiles) character file.

Game seed: 9204683678223236321

123 BinkBink the Slasher (level 4, -3/41 HPs)
             Began as a Minotaur Monk on Nov 9, 2023.
             Was a Priest of Wu Jian.
             Killed by divine providence
             ... invoked by an orc priest
              (14 damage)
             ... on level 4 of the Dungeon.
             The game lasted 00:02:22 (2622 turns).

BinkBink the Slasher (Minotaur Monk)                Turns: 2622, Time: 00:02:23

Health: -3/41      AC:  5    Str: 19    XL:     4   Next: 80%
Magic:  3/3        EV: 12    Int:  3    God:    Wu Jian [***...]
Gold:   178        SH:  0    Dex: 14    Spells: 3/3 levels left

rFire   . . .        j - +0 long sword of Alattiryef {flame, Will+ rCorr Str+3 Int-4}
rCold   . . .        d - orb {light}
rNeg    . . .        g - +0 ring mail
rPois   .            (helmet restricted)
rElec   .            (no cloak)
rCorr   +            (no gloves)
SInv    .            (no boots)
Will    +....        (no amulet)
Stlth   +            (no ring)
HPRegen 0.26/turn    (no ring)
MPRegen 0.08/turn

%: no passive effects
@: glowing
A: horns 2, retaliatory headbutt
a: Renounce Religion, Wall Jump, Serpent's Lash


You were on level 4 of the Dungeon.
You worshipped Wu Jian.
Wu Jian was most pleased with you.
You visited 1 branch of the dungeon, and saw 4 of its levels.

You collected 178 gold pieces.

Inventory:

Hand Weapons
 a - a +0 falchion
 j - the +0 long sword of Alattiryef (weapon) {flame, Will+ rCorr Str+3 Int-4}
   (You found it on level 2 of the Dungeon)

   Str+3:     It affects your strength (+3).
   Int-4:     It affects your intelligence (-4).
   Will+:     It increases your willpower.
   rCorr:     It protects you from acid and corrosion.
Armour
 d - an orb of light (worn)
 g - a +0 ring mail (worn)
Scrolls
 b - a scroll of noise {unknown}
 e - a scroll of acquirement {unknown}
 f - a scroll of vulnerability {unknown}
 h - 4 scrolls of identify {unknown}
 l - a scroll of teleportation {unknown}
Potions
 c - a potion of ambrosia
 i - a potion of enlightenment {unknown}
 k - a potion of invisibility {unknown}


   Skills:
 + Level 4.5 Fighting
 + Level 4.6 Long Blades
 + Level 2.4 Armour
 + Level 4.2 Dodging


You had 3 spell levels left.
You didn't know any spells.
Your spell library contained the following spells:

 Spells                   Type           Power      Damage    Failure   Level
 Apportation              Tloc           0%         N/A       71%         1
 Magic Dart               Conj           0%         1d3       71%         1
 Necrotise                Necr           0%         1d4       71%         1
 Summon Small Mammal      Summ           0%         N/A       71%         1
 Ensorcelled Hibernation  Hex/Ice        0%         N/A       83%         2
 Jinxbite                 Hex            0%         N/A       83%         2
 Searing Ray              Conj           0%         2d4       83%         2
 Dazzling Flash           Conj/Hex       0%         N/A       97%         3
 Anguish                  Hex/Necr       0%         N/A       100%        4
 Fulminant Prism          Conj/Hex       0%         3d5       100%        4
 Agony                    Necr           0%         N/A       100%        5
 Silence                  Hex/Air        0%         N/A       100%        5


Dungeon Overview and Level Annotations

Branches:
Dungeon (4/15)
 Temple: D:4-7

Altars:
Ashenzari
Wu Jian


Innate Abilities, Weirdness & Mutations

You have a pair of horns on your head.
You reflexively headbutt those who attack you in melee.


Message History

The orc closely misses you. The hound barely misses you.
The orc hits you but does no damage.
You slash the hound! You burn the hound.
You kill the hound!
The Council accepts your kill. The orc barely misses you.
You furiously retaliate!
You headbutt the orc!
You kill the orc!
The Council accepts your kill.
You slash the orc! You burn the orc.
You kill the orc!
The Council accepts your kill.
The orc priest calls down the wrath of Beogh upon you.
Beogh smites you! The quokka closely misses you.
You barely miss the orc. The quokka closely misses you.
You furiously retaliate!
You headbutt the quokka!
You kill the quokka!
The Council accepts your kill. The orc completely misses you.
You hit the orc. You burn the orc.
You kill the orc!
The Council accepts your kill.
The orc priest calls down the wrath of Beogh upon you.
Pain shoots through your body!
You lunge at the orc priest.
You barely miss the orc priest.
The orc priest hits you but does no damage.
You hit the orc priest but do no damage.
You headbutt the orc priest.
The orc priest is lightly wounded.
The orc priest hits you but does no damage.
You hit the orc priest. You burn the orc priest.
The orc priest is moderately wounded.
The orc priest hits you with a +0 flail. x2
* * * LOW HITPOINT WARNING * * *
You are too injured to fight recklessly!
You are too injured to fight recklessly!
You barely miss the orc priest.
The orc priest is moderately wounded.
The orc priest mumbles some strange prayers to Beogh against you.
Beogh smites you!
You die...

..##... ######
..#....
...#.####......#
...... .......
#...# .......
#...##.....#
##.o@.)...# ## #
#..#.#.#.....#
#.#.<###)##.....
##.....##........
#...o.o....##.##.
......o###..###
....... ####
#...o.o ###.###


You could see an orc priest.

Vanquished Creatures
  A hound (D:4)
  2 adders (D:2)
  4 worms
  2 dart slugs
  5 orcs (D:4)
  7 endoplasms
  A giant cockroach (D:1)
  4 goblins
  7 hobgoblins
  4 kobolds
  A quokka (D:4)
  3 ball pythons (D:1)
  3 bats (D:1)
  4 frilled lizards
  7 rats
55 creatures vanquished.

Notes
Turn   | Place    | Note
-------+----------+-------------------------------------------
     0 | D:1      | BinkBink the Minotaur Monk began the quest for the Orb.
     0 | D:1      | Reached XP level 1. HP: 19/19 MP: 0/0
   114 | D:1      | Reached XP level 2. HP: 19/27 MP: 1/1
   178 | D:1      | Reached skill level 1 in Armour
   673 | D:2      | Reached XP level 3. HP: 27/33 MP: 2/2
   797 | D:2      | Found a faded altar of an unknown god.
   804 | D:2      | Prayed at the altar of an unknown god.
   804 | D:2      | Became a worshipper of the Wu Jian Council
   804 | D:2      | Reached * piety under Wu Jian
   804 | D:2      | Reached ** piety under Wu Jian
  1162 | D:2      | Identified the +0 long sword of Alattiryef {flame, Will+
                  | rCorr Str+3 Int-4}
  1807 | D:3      | Reached XP level 4. HP: 40/40 MP: 3/3
  1816 | D:3      | Identified the +0 robe of Painnato {Stlth+}
  1861 | D:3      | Reached *** piety under Wu Jian
  2318 | D:3      | Found a broken altar of Ashenzari.
  2622 | D:4      | Killed from afar by an orc priest

Illustrated notes

Levels and vault maps discovered:
D:1:      amcnicky_arrival_wind_blow, layout_loops_ring
D:2:      minmay_skewed_foursquare, layout_basic,
          shapermc_ecumenical_altar_pompeii
D:3:      layout_basic, lemuel_coloured_pillars_altar
D:4:      layout_cave_pools, serial_shops, shop, gup_sewer_entry_pipe

Skill      XL: |  1  2  3  4 |
---------------+-------------+-----
Armour         | 1 2 |  2.4
Long Blades    | 4 |  4.6
Fighting       | 4 |  4.5
Dodging        | 4 |  4.2

Action                     |  1- 3 |  4- 6 || total
---------------------------+-------+-------++-------
  Melee: Falchion          |    54 |       ||    54
         Headbutt          |    14 |     3 ||    17
         Long sword        |     6 |    28 ||    34
Ability: Lunge             |     3 |     7 ||    10
 Armour: Robe              |     3 |       ||     3
         Leather armour    |     9 |       ||     9
         Ring mail         |     7 |    14 ||    21
  Dodge: Dodged            |    30 |    10 ||    40

Table legend: (Time is in decaauts)
 A = Elapsed time spent in this place.
 B = Non-inter-level travel time spent in this place.
 C = Inter-level travel time spent in this place.
 D = Time resting spent in this place.
 E = Time spent auto-exploring this place.
 F = Levels seen in this place.
 G = Mean time per level.
                   A        B        C        D        E       F      G
               +--------+--------+--------+--------+--------+-----+--------+
         Total |   2630 |   2471 |    159 |      0 |   2169 |   4 |  657.5 |
       Dungeon |   2630 |   2471 |    159 |      0 |   2169 |   4 |  657.5 |
               +--------+--------+--------+--------+--------+-----+--------+

Top non-repeatable levels by time:
     D:2: 1079 daAuts
     D:3: 852 daAuts
     D:1: 672 daAuts
     D:4: 25 daAuts
